 Dungeon Crawl Stone Soup version 0.20.1-1-g8b1a95d (webtiles) character file.

60 MagicOnly the Grave Robber (level 3, -3/16 HPs)
             Began as a Spriggan Necromancer on Dec 8, 2017.
             Slain by an ogre
             ... wielding a +0 giant spiked club
              (15 damage)
             ... on level 3 of the Dungeon.
             The game lasted 00:09:48 (3815 turns).

MagicOnly the Grave Robber (Spriggan Necromancer)   Turns: 3815, Time: 00:09:49

Health: -3/16      AC:  2    Str:  4    XL:     3   Next: 80%
Magic:  5/9        EV: 18    Int: 17    God:
Gold:   127        SH:  0    Dex: 16    Spells: 7/9 levels left

rFire    . . .     SeeInvis +   g - +2 dagger (venom)
rCold    . . .     Gourm    .   (shield restricted)
rNeg     . . .     Faith    .   a - +0 robe
rPois    +         Spirit   .   (helmet restricted)
rElec    .         Reflect  .   (no cloak)
rCorr    .         Harm     .   (gloves unavailable)
MR       .....                  (boots unavailable)
Stlth    +++.......             (no amulet)
Regen    0.1/turn               j - ring of poison resistance
MPRegen  0.2/turn               (no ring)

@: very slightly contaminated, very quick
A: unfitting armour, see invisible, herbivore 3, speed 3, slow metabolism 2
a: no special abilities


You were on level 3 of the Dungeon.
You were hungry.

You visited 1 branch of the dungeon, and saw 3 of its levels.

You collected 127 gold pieces.

Inventory:

Hand Weapons
 g - a +2 dagger of venom (weapon)
Armour
 a - a +0 robe (worn)
Jewellery
 j - a ring of poison resistance (left hand)
Scrolls
 e - a scroll of amnesia
 f - a scroll of remove curse
Potions
 i - a potion of invisibility {unknown}
 k - a potion of curing {unknown}
Books
 b - a book of Necromancy

   Spells                             Type                      Level
   a - Pain                           Necromancy                   1
   b - Animate Skeleton               Necromancy                   1
   c - Vampiric Draining              Necromancy                   3
   d - Regeneration                   Charms/Necromancy            3
   e - Animate Dead                   Necromancy                   4
   f - Control Undead                 Necromancy                   4
Comestibles
 c - a bread ration


   Skills:
 + Level 0.1 Fighting
 + Level 3.1 Dodging
 + Level 3.4 Stealth
 + Level 3.6 Spellcasting
 + Level 4.3 Necromancy


You had 7 spell levels left.
You knew the following spells:

 Your Spells              Type           Power        Failure   Level  Hunger
a - Pain                  Necr           ###.         2%          1    None
b - Animate Skeleton      Necr           N/A          2%          1    None


Dungeon Overview and Level Annotations

Branches:
Dungeon (3/15)

Altars:


Innate Abilities, Weirdness & Mutations

You are very small and have problems with some larger weapons.
You are too small for most types of armour.
You have supernaturally acute eyesight. (SInv)
You are a herbivore.
You cover ground extremely quickly.
You need consume almost no food.


Message History

Casting: Pain
Confirm with . or Enter, or press ? or * to list all spells.
Aiming: Pain
Press: ? - help, Shift-Dir - straight line, f/p - ogre
Aim: an ogre, wielding a giant spiked club (lightly wounded, chance to defeat MR: 78%)
The ogre writhes in agony!
You hit the ogre.
The ogre is poisoned.
The ogre is moderately wounded.
The ogre misses you.
You are feeling hungry.
You hit the ogre but do no damage.
The ogre is moderately wounded.
The ogre completely misses you.
You barely miss the ogre.
The ogre is moderately wounded.
You barely miss the ogre.
The ogre is moderately wounded.
The ogre hits you with a giant spiked club!
Ouch! That really hurt!
You die...

....................### #.#
................>.....# #.#
....................#.# #.#
............O.......#.# #.#
....................#.# #.#
....................#.# #.#
....................#.######.#
############.########.#......#
#...O@..<#.#.######
##########.#.# #.#.#
############.#.##
#............#..#
#.#############.# #.# #.# #.#
#.##### #.# #.....#


You could see an ogre.

Vanquished Creatures
  2 worms (D:2)
  2 dart slugs
  3 leopard geckos
  A ball python (D:1)
  2 giant cockroaches (D:2)
  5 goblins
  3 hobgoblins
  5 jackals (D:1)
  9 bats
  2 frilled lizards (D:2)
  3 kobolds
  6 rats
43 creatures vanquished.

Vanquished Creatures (collateral kills)
  A goblin (D:2)
  A bat (D:2)
2 creatures vanquished.

Grand Total: 45 creatures vanquished

Notes
Turn   | Place    | Note
-------+----------+-------------------------------------------
     0 | D:1      | MagicOnly the Spriggan Necromancer began the quest for the Orb.
     0 | D:1      | Reached XP level 1. HP: 9/9 MP: 5/5
   498 | D:1      | Reached skill level 4 in Necromancy
   606 | D:1      | Reached XP level 2. HP: 8/13 MP: 4/6
  1649 | D:2      | Learned a level 1 spell: Animate Skeleton
  1662 | D:2      | Reached XP level 3. HP: 12/16 MP: 2/8
  3667 | D:3      | Noticed an ogre
  3815 | D:3      | Slain by an ogre

Skill      XL: |  1  2 |
---------------+-------+-----
Necromancy     | 4 |  4.3
Spellcasting   | 3 |  3.6
Fighting       | |  0.1
Dodging        | |  3.1
Stealth        | |  3.4

Action                   || total
-------------------------++-------
Melee: Dagger            ||     9
 Cast: Pain              ||    92
       Animate Skeleton  ||     5
  Use: Scroll            ||     4
Armor: Robe              ||     1
Dodge: Dodged            ||    14
